 Dungeon Crawl Stone Soup version 0.17.2-1-ge4368a0 (webtiles) character file.

1436 daftwullie the Cudgeler (level 8, -3/120 HPs)
             Began as an Ogre Warper on Feb 21, 2017.
             Was a Follower of the Shining One.
             Blown up by Joseph (18 damage)
             ... with a wand of disintegration
             ... on level 7 of the Dungeon on Feb 22, 2017.
             The game lasted 01:36:38 (9764 turns).

daftwullie the Cudgeler (Ogre Warper)               Turns: 9764, Time: 01:36:38

Health: -3/120     AC: 27    Str: 17    XL:     8   Next: 73%
Magic:  14/16      EV:  1    Int: 17    God:    the Shining One [*.....]
Gold:   400        SH:  0    Dex:  9    Spells: 3 memorised, 13 levels left

rFire  + . .     SeeInvis .     a - +0 mace
rCold  + . .     Clarity  .     (armour currently unavailable)
rNeg   + + +     SustAt   .     (no shield)
rPois  +         Gourm    .     (helmet currently unavailable)
rElec  +         Spirit   .     (cloak currently unavailable)
rCorr  +         Warding  .     (gloves unavailable)
rMut   .         NoTele   +     (boots unavailable)
MR     .....                    y - amulet of resist corrosion
Stlth  +.........               t - +3 ring of protection
                                r - +3 ring of intelligence

@: tree-form, resistant, shrouded, glowing, drained, not resistant to hostile
enchantments, very unstealthy
A: unfitting armour, (tough skin 0)
a: Renounce Religion


You were on level 7 of the Dungeon.
You worshipped the Shining One.
The Shining One was aware of your devotion.
You were not hungry.
You were a tree.
You visited 2 branches of the dungeon, and saw 8 of its levels.

You collected 400 gold pieces.

Inventory:

Hand Weapons
 a - a +0 mace (weapon)
 e - a +0 spear of piercing
 N - a +0 morningstar
Missiles
 i - 139 stones (quivered)
 x - 33 sling bullets
 H - a tomahawk
Armour
 b - a +1 robe (melded)
 v - a +0 cloak (melded)
 I - a +0 robe
Jewellery
 h - an uncursed amulet of stasis
 r - a +3 ring of intelligence (left branch)
 t - a +3 ring of protection (right branch)
 y - an amulet of resist corrosion (around neck)
 B - an uncursed ring of protection from fire
Wands
 L - a wand of invisibility (4)
Scrolls
 d - a scroll of fog {unknown}
 g - 5 scrolls of remove curse
 u - a scroll of teleportation
 w - a scroll of noise {unknown}
 C - a scroll of enchant armour
 K - a scroll of enchant weapon {unknown}
 P - a scroll of magic mapping {unknown}
Potions
 j - a potion of lignification
 k - a potion of resistance
 l - 2 potions of cure mutation
 n - 2 potions of curing
 o - a potion of cancellation {unknown}
 p - a potion of might {unknown}
 q - 2 potions of agility
 s - a potion of poison {unknown}
 z - a potion of mutation {unknown}
 E - a potion of degeneration {unknown}
 G - a potion of invisibility {unknown}
 J - a potion of heal wounds {unknown}
 O - a potion of berserk rage {unknown}
Books
 c - a book of Spatial Translocations

   Spells                             Type                      Level
   a - Apportation                    Translocation                1
   b - Blink                          Translocation                2
   c - Shroud of Golubria             Charms/Translocation         2
   d - Portal Projectile              Translocation                3
   e - Teleport Other                 Translocation                3
   f - Passage of Golubria            Translocation                4
 m - a book of Geomancy

   Spells                             Type                      Level
   a - Sandblast                      Earth                        1
   b - Stoneskin                      Transmutation/Earth          2
   c - Passwall                       Transmutation/Earth          3
   d - Stone Arrow                    Conjuration/Earth            3
   e - Petrify                        Transmutation/Earth          4
   f - Lee's Rapid Deconstruction     Earth                        5
Miscellaneous
 F - a plain deck of changes {drawn: 2}
Comestibles
 f - 5 bread rations
 A - 7 fruits
 D - 2 meat rations


   Skills:
 + Level 5.3(4.7) Fighting
 * Level 6.4(5.7) Maces & Flails
 * Level 4.5(3.9) Throwing
 - Level 2.1(1.5) Dodging
 * Level 5.5(4.8) Spellcasting
 + Level 2.0(1.4) Charms
 * Level 4.3(3.7) Translocations


You had 13 spell levels left.
You knew the following spells:

 Your Spells              Type           Power        Failure   Level  Hunger
a - Apportation           Tloc           ###.......   3%          1    None
b - Blink                 Tloc           N/A          6%          2    #......
c - Shroud of Golubria    Chrm/Tloc      ##........   10%         2    #......


Dungeon Overview and Level Annotations

Branches:
Dungeon (7/15)             Temple (1/1) D:5

Altars:
Ashenzari
Cheibriados
Dithmenos
Elyvilon
Fedhas
Gozag
Makhleb
Nemelex Xobeh
Okawaru
Qazlal
Ru
Sif Muna
Trog
Vehumet
Xom
Yredelemnul
Zin
The Shining One

Shops:
D:6 *

Annotations:
D:3 daftwullie's ghost, amateur OgWr
D:7 Joseph


Innate Abilities, Weirdness & Mutations

You are too large for most types of armour.
((You have tough skin (AC +1).))


Message History

Confirm with . or Enter, or press ? or * to list all spells.
Space distorts slightly along a thin shroud covering your body.
Joseph hits you but does no damage.
You sock Joseph!
Joseph is lightly wounded.
Joseph zaps a wand.
You are blasted!
* * * LOW HITPOINT WARNING * * *
Evoke which item? (* to show all) (? for menu, Esc to quit)
You draw a card...
It is Dowsing.
This is a plain deck of changes {drawn: 2}.
You feel aware of your surroundings. Joseph hits you but does no damage.
Drink which item? (? for menu, Esc to quit)
You feel better. Joseph hits you but does no damage.
You hit Joseph.
Joseph is moderately wounded.
Joseph zaps a wand.
You struggle to resist.
You sock Joseph!
Joseph is moderately wounded.
Joseph zaps a wand.
You are blasted!
You die...

##.#........## .#
#..#...###.####.# ,
##......###....# *
######..##....#####.#
..(.##.###.....(###.#
...(#..# ######..##.#
(......# ##.##.#####..
.......# #(#........#
..(.#..## #♣#....(..##
....#...#####
#(@.......#
..<(##......#
##[.......#
######.####.# #......$.#
#..# #.# #.......## ,
##..## #.# #.......#
##....###.## #.......#
#.<....##..####.##......
#................ .#####


You could see Joseph.

Vanquished Creatures
  A hungry ghost (D:7)
  A sky beast (Temple)
  A phantom (D:6)
  A centaur (D:7)
  3 giant frogs
  Blork the orc (D:6)
  2 scorpions
  3 jellies
  4 crimson imps
  3 hounds
  A giant frog skeleton (D:5)
  An iguana (D:4)
  2 worker ants (D:6)
  A hound zombie (D:6)
  A hound skeleton (D:6)
  13 adders
  An adder zombie (D:5)
  2 adder skeletons
  5 worms
  3 giant geckos
  5 orcs
  3 ball pythons
  8 bats
  2 giant cockroaches
  6 goblins
  8 hobgoblins
  7 jackals
  4 giant newts
  7 kobolds
  2 quokkas
  A quokka zombie (D:7)
  13 rats
116 creatures vanquished.

Vanquished Creatures (others)
  A crimson imp (Temple)
1 creature vanquished.

Grand Total: 117 creatures vanquished

Notes
Turn   | Place    | Note
--------------------------------------------------------------
     0 | D:1      | daftwullie the Ogre Warper began the quest for the Orb.
     0 | D:1      | Reached XP level 1. HP: 22/22 MP: 3/3
   177 | D:1      | Reached XP level 2. HP: 19/29 MP: 5/5
   187 | D:1      | Learned a level 2 spell: Blink
   190 | D:1      | Learned a level 2 spell: Shroud of Golubria
   373 | D:2      | Found a stormy altar of Qazlal.
   608 | D:1      | Reached XP level 3. HP: 31/36 MP: 6/6
   654 | D:1      | Reached skill level 3 in Maces & Flails
   970 | D:2      | Found a bloodstained altar of Trog.
  1757 | D:2      | Found a blossoming altar of Fedhas.
  1914 | D:3      | Noticed a giant frog
  2538 | D:2      | Reached XP level 4. HP: 20/45 MP: 2/8
  3025 | D:3      | Noticed an earth elemental
  3027 | D:3      | Found a stormy altar of Qazlal.
  3028 | D:3      | Noticed daftwullie's ghost (amateur OgWr)
  3476 | D:3      | Noticed a fire elemental
  3477 | D:3      | Noticed a water elemental
  3477 | D:3      | Noticed an air elemental
  4013 | D:4      | Reached XP level 5. HP: 51/53 MP: 6/9
  5218 | D:4      | Reached skill level 4 in Maces & Flails
  5715 | D:5      | Entered Level 5 of the Dungeon
  5878 | D:5      | Reached XP level 6. HP: 51/61 MP: 8/11
  6312 | D:5      | Found a staircase to the Ecumenical Temple.
  6317 | D:5      | Noticed a sky beast
  6322 | Temple   | Entered the Ecumenical Temple
  6339 | Temple   | Became a worshipper of the Shining One
  6377 | Temple   | Killed a sky beast
  6377 | Temple   | Reached skill level 1 in Charms
  6455 | D:5      | Found a sparkling altar of Nemelex Xobeh.
  6563 | D:5      | Reached XP level 7. HP: 62/70 MP: 10/12
  6740 | D:6      | Noticed Blork the orc
  7016 | Temple   | Reached skill level 5 in Maces & Flails
  7324 | D:6      | Found Zin's Purification Station.
  7324 | D:6      | Found a glowing silver altar of Zin.
  7423 | D:6      | Found a basalt altar of Yredelemnul.
  7913 | D:6      | Reached XP level 8. HP: 71/79 MP: 14/14
  8423 | D:6      | Killed Blork the orc
  8453 | D:6      | Reached * piety under the Shining One
  8719 | D:6      | Reached skill level 5 in Spellcasting
  8836 | D:6      | Reached skill level 5 in Fighting
  9118 | D:7      | Reached skill level 6 in Maces & Flails
  9200 | D:7      | Noticed Joseph
  9760 | D:7      | HP: 5/120 [disintegration (15)]
  9764 | D:7      | Blown up by Joseph

Action                   |  1- 3 |  4- 6 |  7- 9 || total
-------------------------+-------+-------+-------++-------
Melee: Mace              |   191 |   299 |   306 ||   796
Throw: Stone             |    10 |    92 |   126 ||   228
       Tomahawk          |       |    12 |       ||    12
 Cast: Shroud of Golubri |    13 |    34 |    34 ||    81
       Blink             |       |     1 |     2 ||     3
       Apportation       |       |       |     3 ||     3
Evoke: Wand              |       |     1 |       ||     1
       Deck              |       |       |     2 ||     2
  Use: Scroll            |     5 |     4 |     7 ||    16
       Potion            |       |       |     3 ||     3
 Stab: Sleeping          |     2 |       |       ||     2
  Eat: Chunk             |     2 |     7 |    11 ||    20
       Meat ration       |     1 |       |       ||     1
       Pizza             |     1 |       |       ||     1
       Fruit             |       |     6 |     3 ||     9
